 Dungeon Crawl Stone Soup version 0.31-a0-1074-g0b22e4e0f1 (webtiles) character file.

Game seed: 12515870991128742194

142571 tbh1313 the Severer (level 16, -2/149 HPs)
             Began as a Minotaur Berserker on Dec 2, 2023.
             Was a High Priest of Trog.
             Splashed by a goliath frog's acid (8 damage)
             ... on level 2 of the Swamp.
             The game lasted 01:07:06 (29734 turns).

tbh1313 the Severer (Minotaur Berserker)           Turns: 29734, Time: 01:07:06

Health: -2/149     AC: 36    Str: 30    XL:     16   Next: 80%
Magic:  24/24      EV:  9    Int:  8    God:    Trog [*****.]
Gold:   2847       SH:  0    Dex:  9    Spells: 15/15 levels left

rFire   + . .        a - +3 broad axe (flame)
rCold   . . .        (no shield)
rNeg    + . .        o - +9 crystal plate armour "Qoles" {rPois rF+}
rPois   +            v - +2 hat "Cafanefi" {Fly rElec}
rElec   +            w - scarf of the Garden {shadows, rPois MP+9 Str+3}
rCorr   .            e - +2 pair of gloves
SInv    .            (no boots)
Will    ++...        (no amulet) Stlth
                     t - ring of willpower
HPRegen 0.44/turn    r - ring of positive energy
MPRegen 0.19/turn

%: no passive effects
@: corroded, on berserk cooldown, flying, slowed, studying Invocations,
invisible (expiring), very slow
A: horns 2, retaliatory headbutt, subdued magic 1, MP-powered wands
a: Renounce Religion, Berserk, Trog's Hand, Brothers in Arms


You were on level 2 of the Swamp.
You worshipped Trog.
Trog was extremely pleased with you.
You visited 5 branches of the dungeon, and saw 25 of its levels.
You also visited: Gauntlet and Volcano.

You collected 3072 gold pieces.
You spent 225 gold pieces at shops.

Inventory:

Hand Weapons
 a - a +3 broad axe of flaming (weapon)
 b - a +2 shortbow of flaming
 y - the +12 eveningstar of the Harvest {antimagic, Contam Drain rN+++ Dex+3}
   (Trog gifted it to you on level 2 of the Orcish Mines)

   Dex+3:     It affects your dexterity (+3).
   rN+++:     It renders you almost immune to negative energy.
   Contam:    It causes magical contamination when unequipped.
   Drain:     It drains your maximum health when unequipped.
 X - a +2 battleaxe
Missiles
 k - 2 throwing nets
Armour
 e - a +2 pair of gloves (worn)
 o - the +9 crystal plate armour "Qoles" (worn) {rPois rF+}
   (You acquired it on level 4 of the Dungeon)

   rF+:       It protects you from fire.
   rPois:     It protects you from poison
 v - the +2 hat "Cafanefi" (worn) {Fly rElec}
   (You acquired it on level 4 of the Dungeon)

   rElec:     It insulates you from electricity.
   Fly:       It grants you flight.
 w - the scarf of the Garden (worn) {shadows, rPois MP+9 Str+3}
   (You acquired it on level 4 of the Dungeon)

   Str+3:     It affects your strength (+3).
   rPois:     It protects you from poison MP+9: It affects your magic capacity
   (+9).
 E - the +0 hat "Uzah" {Str+2}
   (You found it on level 14 of the Dungeon)

   Str+2:     It affects your strength (+2).
Jewellery
 i - a ring of positive energy
 r - a ring of positive energy (right hand)
 t - a ring of willpower (left hand)
 C - a ring of protection from cold
 D - the amulet of the Hippogriff {Faith rPois Regen+ Int-2 Slay+6}
   (You found it on level 14 of the Dungeon)

   [amulet of faith]

   Faith:     It allows you to gain divine favour quickly.
   Int-2:     It affects your intelligence (-2).
   Slay+6:    It affects your accuracy & damage with ranged weapons and melee
   (+6).
   rPois:     It protects you from poison Regen+: It increases your rate of
   health regeneration.
Wands
 j - a wand of mindburst (4)
 u - a wand of digging (13)
Scrolls
 c - 4 scrolls of brand weapon
 f - 11 scrolls of fear
 g - a scroll of enchant armour
 h - 7 scrolls of teleportation
 p - 7 scrolls of enchant weapon
 q - 3 scrolls of fog
 B - 2 scrolls of poison
 F - a scroll of summoning
 J - 2 scrolls of revelation
 P - 3 scrolls of identify
Potions
 d - 2 potions of resistance
 l - a potion of attraction
 m - a potion of cancellation
 n - 12 potions of curing
 s - 5 potions of might
 x - 7 potions of haste
 z - 2 potions of enlightenment
 A - 3 potions of invisibility
 I - a potion of heal wounds
 R - a potion of magic
Miscellaneous
 T - a phantom mirror
 U - a phial of floods


   Skills:
 + Level 15.2 Fighting
 - Level 18.0 Axes
 - Level 18.0 Ranged Weapons
 - Level 18.0 Armour
 - Level 10.0 Dodging
 - Level 5.0 Shields


You had 15 spell levels left.
You didn't know any spells.
Your spell library contained the following spells:

 Spells                   Type           Power      Damage    Failure   Level
 Magic Dart               Conj           0%         1d3       99%         1
 Necrotise                Necr           0%         1d4       99%         1
 Sandblast                Erth           0%         2d4       99%         1
 Sting                    Tmut/Pois      0%         1d3       99%         1
 Cigotuvi's Dreadful Rot  Necr/Pois/Air  0%         N/A       100%        2
 Ensorcelled Hibernation  Hex/Ice        0%         N/A       100%        2
 Momentum Strike          Conj/Tloc      0%         3d8       100%        2
 Passwall                 Tmut/Erth      0%         N/A       100%        2
 Poisonous Vapours        Pois/Air       0%         N/A       100%        2
 Scorch                   Fire           0%         2d5       100%        2
 Sublimation of Blood     Necr           0%         N/A       100%        2
 Call Canine Familiar     Summ           0%         N/A       100%        3
 Dazzling Flash           Conj/Hex       0%         N/A       100%        3
 Frozen Ramparts          Ice            0%         1d1       100%        3
 Gell's Gravitas          Tloc           0%         N/A       100%        3
 Inner Flame              Hex/Fire       0%         N/A       100%        3
 Ozocubu's Armour         Ice            0%         N/A       100%        3
 Sigil of Binding         Hex            0%         N/A       100%        3
 Stone Arrow              Conj/Erth      0%         3d7       100%        3
 Swiftness                Air            0%         N/A       100%        3
 Teleport Other           Tloc           0%         N/A       100%        3
 Anguish                  Hex/Necr       0%         N/A       100%        4
 Animate Dead             Necr           0%         N/A       100%        4
 Brom's Barrelling Bould  Conj/Erth      0%         2d3       100%        4
 Cause Fear               Hex            0%         N/A       100%        4
 Dimensional Bullseye     Hex/Tloc       0%         N/A       100%        4
 Flame Wave               Conj/Fire      0%         2d4       100%        4
 Leda's Liquefaction      Hex/Erth       0%         N/A       100%        4
 Olgreb's Toxic Radiance  Pois           0%         N/A       100%        4
 Petrify                  Tmut/Erth      0%         N/A       100%        4
 Sticky Flame             Conj/Fire      0%         2d3       100%        4
 Summon Ice Beast         Ice/Summ       0%         N/A       100%        4
 Agony                    Necr           0%         N/A       100%        5
 Borgnjor's Vile Clutch   Necr/Erth      0%         N/A       100%        5
 Irradiate                Conj/Tmut      0%         3d11      100%        5
 Metabolic Englaciation   Hex/Ice        0%         N/A       100%        5
 Silence                  Hex/Air        0%         N/A       100%        5
 Summon Mana Viper        Hex/Summ       0%         N/A       100%        5
 Yara's Violent Unravell  Hex/Tmut       0%         3d3       100%        5
 Bombard                  Conj/Erth      0%         9d1       100%        6
 Death Channel            Necr           0%         N/A       100%        6
 Dispersal                Tloc           0%         N/A       100%        6
 Summon Cactus Giant      Summ           0%         N/A       100%        6
 Enfeeble                 Hex            0%         N/A       100%        7
 Haunt                    Necr/Summ      0%         N/A       100%        7
 Monstrous Menagerie      Summ           0%         N/A       100%        7
 Discord                  Hex            0%         N/A       100%        8
 Ignition                 Fire           0%         3d3       100%        8
 Infestation              Necr           0%         N/A       100%        8
 Polar Vortex             Ice            0%         N/A       100%        9


Dungeon Overview and Level Annotations

Branches:
Dungeon (15/15)            Temple (0/1) D:5            Lair (5/5) D:8
  Swamp (2/4) Lair:2       Spider (1/4) Lair:3        Slime (0/5) Lair:5
    Orc (2/2) D:9             Elf (0/3) Orc:2        Vaults (0/5) D:14
 Depths (0/4) D:15        Volcano (visited)         Gauntlet (visited)

Altars:
Cheibriados
Dithmenos
Fedhas
Gozag
Hepliaklqana
Kikubaaqudgha
Makhleb
Nemelex Xobeh
Sif Muna
Uskayaw
Vehumet
Yredelemnul
Zin
Jiyva

Shops:
D:10 :(   Orc:2 **[=


Innate Abilities, Weirdness & Mutations

You have a pair of horns on your head.
You reflexively headbutt those who attack you in melee.
Your spells are a little easier to cast, but a little less powerful.
You expend magic power (3 MP) to strengthen your wands.


Message History

You fade into invisibility!
The swamp worm fires a harpoon shot at you.
The harpoon shot hits you.
* * * LOW HITPOINT WARNING * * *
The tyrant leech bites you but does no damage.
You feel much better.
The swamp worm bites you but does no damage. x2
The tyrant leech closely misses you.
The spriggan rider hits you but does no damage.
You see here 2 stones.
The swamp worm bites you but does no damage.
The goliath frog no longer looks unusually strong.
The swamp worm fires a harpoon shot past the tyrant leech.
The harpoon shot hits you!
* * * LOW HITPOINT WARNING * * *
The spriggan rider hits you but does no damage.
The tyrant leech barely misses you.
The swamp worm bites you but does no damage.
The goliath frog hits you but does no damage.
You flicker for a moment.
The spriggan rider hits you but does no damage.
The goliath frog barely misses you. You furiously retaliate!
You headbutt the goliath frog.
The spriggan rider hits you but does no damage.
The spriggan rider attacks as it pursues you!
The spriggan rider hits you from afar with a +0 spear!
* * * LOW HITPOINT WARNING * * *
The spriggan rider hits you but does no damage.
The swamp worm bites you but does no damage.
The spriggan rider completely misses you.
The swamp worm fires a harpoon shot at the goliath frog.
The harpoon shot hits the goliath frog!
The goliath frog hits you.
* * * LOW HITPOINT WARNING * * *
You are splashed with acid!
* * * LOW HITPOINT WARNING * * *
The spriggan rider hits you but does no damage.
The spriggan rider barely misses you. The goliath frog hits you.
* * * LOW HITPOINT WARNING * * *
The acid corrodes you!
You are splashed with acid!
You die...

..~♣.~....~~~§....~.~..
~~..♣♣.....♣~♣♣♣♣♣♣....
~~††.♣..~...~♣♣ ♣♣..!..
~~†...~~~~~~.§♣♣~♣~~.♣
♣♣♣♣~.♣~~~~~.(.~♣.~~~♣♣
♣..♣♣♣~....~.♣.~~~~♣
♣...♣♣♣.~~~wwi~~§~~♣
♣~~~.♣♣♣.~~iF.....♣♣
~~~~......~~~@...♣♣
...♣♣♣♣~~~~~~†<.♣♣♣
~♣~§~~~~~.♣ ♣.~~~~~~.♣
.~~~~~~.~♣ .~.....~♣♣
.~..<.~♣ ~~~.~.~♣


You could see a tyrant leech (unable to see you), 2 spriggan riders, a goliath
frog (unable to see you) and a swamp worm (unable to see you).

Levels and vault maps discovered:
D:1:      spicycebolla_arrival_clurvy, layout_rooms
D:2:      layout_rooms, chequers_ecumenical_altar_lobes
D:3:      layout_basic, uniq_ijyb
D:4:      layout_basic, gammafunk_ghost_mausoleum
D:5:      layout_basic, grunt_gozag_breadcrumbs, minmay_temple_entry_waves,
          uniq_prince_ribbit1, uniq_edmund
D:6:      layout_layer_cave, bloody_makhleb, nicolae_uskayaw_suspiria,
          nicolae_overflow_crystal_walls, marbit_many_paths
D:7:      nzn_winding_woodlands_small [nzn_winding_woodlands_5x15_eye,
          nzn_winding_woodlands_center_pierced_h,
          nzn_winding_woodlands_5x15_garden], layout_cave_pools,
          grunt_temple_overflow_magic_moments, lemuel_round_altar, zin_purify,
          amcnicky_altar_gilded, grunt_dithmenos_smoke_and_mirrors,
          minmay_misc_feat_doors
D:8:      layout_loops_ring, overflow_temple_1_default, erik_lair_dragon,
          minmay_puff
D:9:      layout_gridville, minmay_orc_entry_temple_small, uniq_erolcha,
          uniq_erica
D:10:     layout_basic, serial_shops, nicolae_shop_pleasant_corner_grove,
          kennysheep_windowed_goal
D:11:     layout_cave_pools, nicolae_sextant, hangedman_feature_mirror,
          uniq_nergalle
D:12:     gammafunk_the_bubble [the_bubble_gammafunk_crates], layout_gridville
D:13:     layout_basic, uniq_lodul, uniq_snorg
D:14:     gammafunk_worm_tunnel, layout_basic, skrybe_vaults_entry_preservation
D:15:     hangedman_depths_entry_civil_slaughter, layout_irregular_city
Lair:1:   layout_cave_pods, lemuel_fruit_fields, infiniplex_staircase_pool
Lair:2:   layout_regular_city, alex1729_swamp_entry_worm_eleionoma
Lair:3:   layout_regular_city, spider_nest_entry_web_field, basic_altar,
          gauntlet_entry_generic
Lair:4:   layout_regular_city, enter_volcano_1, grunt_megastairs_2,
          lemuel_fruit_tree
Lair:5:   wormcave, layout_regular_city, guppyfry_lair_end_dragon,
          slime_entry_1, gammafunk_ghost_cemetery, serial_forest,
          infiniplex_forest_corner_1, infiniplex_forest_straight_4,
          infiniplex_forest_end_2, infiniplex_forest_lined_corner
Swamp:1:  layout_falls_marsh, evilmike_swamp_ruin_rubble_2, swamp_pool_1_2,
          nicolae_swamp_tree_isthmus, uniq_frances, uniq_donald
Swamp:2:  layout_basic_swamp, nicolae_swamp_dense_foliage
Spider:1: layout_spider_delve
Orc:1:    layout_caves, nicolae_orc_tapped_out
Orc:2:    pubby_orc_utopia, serial_shops, uniq_sonja

Notes
Turn   | Place    | Note
-------+----------+-------------------------------------------
     0 | D:1      | tbh1313 the Minotaur Berserker began the quest for the Orb.
     0 | D:1      | Reached XP level 1. HP: 19/19 MP: 0/0
    60 | D:1      | Reached XP level 2. HP: 26/26 MP: 1/1
   241 | D:1      | Reached ** piety under Trog
   486 | D:2      | Reached XP level 3. HP: 31/31 MP: 2/2
   551 | D:2      | Reached skill level 5 in Axes
   924 | D:2      | Found a faded altar of an unknown god.
  1093 | D:3      | Reached XP level 4. HP: 39/39 MP: 3/3
  1412 | D:3      | Noticed Ijyb
  1417 | D:3      | Killed Ijyb
  1418 | D:3      | Reached XP level 5. HP: 45/45 MP: 4/4
  1683 | D:4      | Found a transporter.
  1683 | D:4      | Noticed bmb222's ghost (amateur OgWn)
  1696 | D:4      | Noticed a phantom
  1745 | D:4      | You fall into a shaft and drop 1 floor!
  1745 | D:5      | Entered Level 5 of the Dungeon
  1763 | D:5      | Reached skill level 1 in Shields
  1864 | D:4      | Identified 3 scrolls of acquirement
  1864 | D:4      | Acquired the +2 hat "Cafanefi" {Fly rElec}
  1876 | D:4      | Acquired the scarf of the Garden {shadows, rPois MP+9
                  | Str+3}
  1894 | D:4      | Acquired the +9 crystal plate armour "Qoles" {rPois rF+}
  2088 | D:4      | Reached XP level 6. HP: 32/51 MP: 5/5
  2289 | D:4      | Reached skill level 5 in Armour
  2621 | D:4      | Found a transporter.
  2679 | D:4      | Killed bmb222's ghost
  2680 | D:4      | Reached XP level 7. HP: 57/57 MP: 6/6
  3095 | D:5      | Reached *** piety under Trog
  3150 | D:5      | Found a staircase to the Ecumenical Temple.
  3172 | D:5      | Noticed Edmund
  3187 | D:5      | Killed Edmund
  3188 | D:5      | Reached skill level 5 in Shields
  3188 | D:5      | Reached XP level 8. HP: 50/64 MP: 7/7
  3295 | D:5      | Found an opulent altar of Gozag.
  3386 | D:5      | Identified the +8 long sword "Ubliomem" {heavy, Fly rF-
                  | rN++}
  3468 | D:5      | Noticed Prince Ribbit
  3477 | D:5      | Killed Prince Ribbit
  3478 | D:5      | Reached skill level 10 in Axes
  3830 | D:6      | Found a hide-covered altar of Uskayaw.
  3869 | D:6      | Found a snail-covered altar of Cheibriados.
  4077 | D:6      | Found a burning altar of Makhleb.
  4514 | D:6      | Found a sparkling altar of Nemelex Xobeh.
  4520 | D:6      | Reached XP level 9. HP: 70/70 MP: 8/8
  5106 | D:7      | Found an ancient bone altar of Kikubaaqudgha.
  5115 | D:7      | Found a radiant altar of Vehumet.
  5122 | D:7      | Got Kikubaaqudgha's Spellbook of the Mortuary
  5125 | D:7      | Found a shimmering blue altar of Sif Muna.
  5193 | D:7      | Noticed a gargoyle
  5194 | D:7      | Noticed a troll
  5195 | D:7      | Noticed a deep elf pyromancer
  5205 | D:7      | Noticed a gargoyle
  5213 | D:7      | Killed a gargoyle
  5240 | D:7      | Killed a gargoyle
  5240 | D:7      | Reached **** piety under Trog
  5242 | D:7      | Killed an unseen horror
  5447 | D:7      | Killed a troll
  5448 | D:7      | Reached XP level 10. HP: 53/86 MP: 9/9
  5584 | D:7      | Found a shadowy altar of Dithmenos.
  5629 | D:7      | Killed a deep elf pyromancer
  5715 | D:7      | Found Zin's Purification Station.
  5719 | D:7      | Found a glowing silver altar of Zin.
  5738 | D:7      | Noticed a two-headed ogre
  5752 | D:7      | Killed a two-headed ogre
  5999 | D:7      | Reached skill level 10 in Armour
  6120 | D:7      | Found a hazy altar of Hepliaklqana.
  6176 | D:7      | Found a blossoming altar of Fedhas.
  6301 | D:7      | Bought a potion of curing for 90 gold pieces
  6969 | D:8      | Found a basalt altar of Yredelemnul.
  7234 | D:8      | Found a staircase to the Lair.
  7558 | Lair:1   | Entered Level 1 of the Lair of Beasts
  7838 | D:9      | Noticed Erica
  7849 | D:9      | Killed Erica
  7850 | D:9      | Reached XP level 11. HP: 89/92 MP: 10/10
  7948 | D:9      | Reached ***** piety under Trog
  7955 | D:9      | Noticed Erolcha
  7965 | D:9      | Killed Erolcha
  8242 | D:9      | Found a staircase to the Orcish Mines.
  8811 | D:10     | Entered Level 10 of the Dungeon
  8811 | D:10     | Noticed a two-headed ogre
  8820 | D:10     | Killed a two-headed ogre
  8935 | D:10     | Found Xohera Izoom's Book Boutique.
  9143 | D:10     | Received a gift from Trog
  9632 | D:10     | Found Faopett's Antique Weapon Emporium.
 10114 | D:11     | Found an ancient bone altar of Kikubaaqudgha.
 10129 | D:11     | Noticed a boulder beetle
 10134 | D:11     | Noticed Nergalle
 10321 | D:11     | Killed Nergalle
 10322 | D:11     | Reached skill level 5 in Dodging
 10323 | D:11     | Killed a boulder beetle
 10486 | D:11     | Noticed a two-headed ogre
 10512 | D:11     | Killed a two-headed ogre
 10513 | D:11     | Reached skill level 15 in Axes
 10513 | D:11     | Reached XP level 12. HP: 44/106 MP: 11/11
 10882 | D:11     | Found a radiant altar of Vehumet.
 10886 | D:11     | Noticed a catoblepas
 10892 | D:11     | Noticed a two-headed ogre
 10899 | D:11     | Killed a catoblepas
 10908 | D:11     | Killed a two-headed ogre
 11636 | D:12     | Noticed a two-headed ogre
 11636 | D:12     | Noticed a centaur warrior
 11636 | D:12     | Noticed a two-headed ogre
 11636 | D:12     | Noticed a tengu warrior
 11641 | D:12     | Killed a two-headed ogre
 11642 | D:12     | Reached skill level 1 in Ranged Weapons
 11671 | D:12     | Noticed a two-headed ogre
 11677 | D:12     | Killed a two-headed ogre
 11761 | D:12     | Noticed a yaktaur captain
 12066 | D:12     | Found a transporter.
 12072 | D:12     | Found a transporter.
 12083 | D:12     | Killed a two-headed ogre
 12087 | D:12     | Killed a centaur warrior
 12093 | D:12     | Killed a tengu warrior
 12094 | D:12     | Reached skill level 10 in Fighting
 12198 | D:12     | Killed a yaktaur captain
 12199 | D:12     | Reached XP level 13. HP: 93/114 MP: 12/12
 12421 | D:12     | Identified the +2 flail "Sikixtul" {heavy, rF+}
 13693 | Lair:2   | Reached skill level 5 in Ranged Weapons
 14197 | Lair:2   | Found a staircase to the Swamp.
 14197 | Lair:2   | Noticed an eleionoma
 14206 | Lair:2   | Killed an eleionoma
 14553 | Lair:3   | Found a gate leading to a gauntlet.
 14561 | Gauntlet | Entered a Gauntlet
 14561 | Gauntlet | Found a transporter.
 14574 | Gauntlet | Found a runed translucent gate.
 14574 | Gauntlet | Found a runed translucent gate.
 14574 | Gauntlet | Found a runed translucent gate.
 14576 | Gauntlet | Found a transporter.
 14579 | Gauntlet | Found a transporter.
 14580 | Gauntlet | Found a transporter.
 14584 | Gauntlet | Found a runed translucent door.
 14588 | Gauntlet | Found a transporter.
 14591 | Gauntlet | Found a transporter.
 14592 | Gauntlet | Found a transporter.
 14603 | Gauntlet | Noticed a dire elephant
 14604 | Gauntlet | Found a transporter.
 14611 | Gauntlet | Found a transporter.
 14611 | Gauntlet | Found a transporter.
 14613 | Gauntlet | Found a transporter.
 14616 | Gauntlet | Found a transporter.
 14617 | Gauntlet | Found a transporter.
 14628 | Gauntlet | Found a transporter.
 14636 | Gauntlet | Found a runed translucent door.
 14679 | Gauntlet | Found a runed translucent door.
 14779 | Gauntlet | Killed a dire elephant
 15023 | Gauntlet | Identified the +0 pair of boots of Iroedieb {Fly rPois
                  | rCorr Dex-5}
 15085 | Gauntlet | Identified the staff "Aroomiy" {rN+ SInv Necro}
 15085 | Gauntlet | Noticed a minotaur
 15095 | Gauntlet | Killed a minotaur
 15329 | Lair:3   | Found a hole to the Spider Nest.
 15376 | Lair:3   | Received a gift from Trog
 15390 | Lair:3   | Found a sparkling altar of Nemelex Xobeh.
 15465 | Lair:3   | Reached XP level 14. HP: 116/126 MP: 13/13
 15964 | Lair:4   | Reached skill level 10 in Dodging
 15985 | Lair:4   | Reached skill level 10 in Ranged Weapons
 16052 | Lair:4   | Found a dark tunnel.
 16064 | Volcano  | Entered a volcano
 17024 | Lair:4   | Received a gift from Trog
 17310 | Lair:5   | Entered Level 5 of the Lair of Beasts
 17637 | Lair:5   | Found a viscous altar of Jiyva.
 17642 | Lair:5   | Found a staircase to the Slime Pits.
 17669 | Lair:5   | Found a runed translucent gate.
 17713 | Lair:5   | Found a runed translucent gate.
 17714 | Lair:5   | Found a runed translucent gate.
 18094 | Lair:5   | Identified the +8 long sword "Yddid" {speed, rC+}
 18281 | Lair:5   | Found a runed translucent door.
 18790 | Lair:5   | Noticed Puvueto's ghost (journeyman NaDe)
 18790 | Lair:5   | Noticed Iveish's ghost (journeyman HuFi)
 18934 | Lair:5   | Killed Iveish's ghost
 18935 | Lair:5   | Killed Puvueto's ghost
 19472 | D:13     | Noticed Lodul
 19484 | D:13     | Killed Lodul
 19486 | D:13     | Noticed Snorg
 19500 | D:13     | Killed Snorg
 19501 | D:13     | Reached skill level 15 in Ranged Weapons
 19520 | D:13     | Reached XP level 15. HP: 38/132 MP: 14/14
 20729 | D:14     | Found a transporter.
 21228 | D:14     | Found a transporter.
 21483 | D:14     | Found a gate to the Vaults.
 21713 | D:15     | Entered Level 15 of the Dungeon
 22401 | D:15     | Found a staircase to the Depths.
 23127 | Orc:1    | Entered Level 1 of the Orcish Mines
 23141 | Orc:1    | Received a gift from Trog
 23764 | Swamp:1  | Entered Level 1 of the Swamp
 23810 | Swamp:1  | Reached skill level 15 in Armour
 24037 | Swamp:1  | Noticed a thorn hunter
 24052 | Swamp:1  | Killed a thorn hunter
 24458 | Swamp:1  | Noticed Frances
 24473 | Swamp:1  | Killed Frances
 24473 | Swamp:1  | Received a gift from Trog
 24495 | Swamp:1  | Noticed Donald
 24515 | Swamp:1  | HP: 8/132 [Donald/arrow (9)]
 24565 | Swamp:1  | Identified the +0 plate armour "Juil Jyvi" {Str+5 Int+3}
 24836 | Swamp:1  | Killed Donald
 24837 | Swamp:1  | Reached XP level 16. HP: 139/139 MP: 15/15
 25265 | Swamp:1  | Got the Monograph on Firn and Charms
 25462 | Spider:1 | Entered Level 1 of the Spider Nest
 25900 | Spider:1 | Got the Elucidation of Energetic Bodies
 27035 | Orc:2    | Entered Level 2 of the Orcish Mines
 27309 | Orc:2    | Identified the +8 dagger of Punishment {venom, Will+ Int+6}
 27712 | Orc:2    | Found Amesher's General Store.
 27729 | Orc:2    | Found Kaozoufe's General Store.
 27748 | Orc:2    | Bought a scroll of enchant armour for 135 gold pieces
 28022 | Orc:2    | Noticed Sonja
 28041 | Orc:2    | Killed Sonja
 28172 | Orc:2    | Found a staircase to the Elven Halls.
 28346 | Orc:2    | Found Cigial's Antique Armour Shop.
 28409 | Orc:2    | Identified the +12 eveningstar of the Harvest {antimagic,
                  | Contam Drain rN+++ Dex+3} (Trog gifted it to you on level 2
                  | of the Orcish Mines)
 28409 | Orc:2    | Received a gift from Trog
 28745 | Orc:2    | Found Luus's Jewellery Boutique.
 29141 | D:14     | Gained mutation: Your spells are a little easier to cast,
                  | but a little less powerful. [mutagenic glow]
 29153 | D:14     | Gained mutation: You expend magic power (3 MP) to
                  | strengthen your wands. [mutagenic glow]
 29158 | D:14     | Identified the amulet of the Hippogriff {Faith rPois Regen+
                  | Int-2 Slay+6}
 29164 | D:14     | Identified the +0 hat "Uzah" {Str+2}
 29683 | Swamp:2  | Reached skill level 15 in Fighting
 29727 | Swamp:2  | HP: 13/149 [swamp worm/harpoon shot[a spriggan druid] (6)]
 29734 | Swamp:2  | HP: 8/149 [acid (9)]
 29734 | Swamp:2  | Splashed by a goliath frog's acid

Table legend: (Time is in decaauts)
 A = Elapsed time spent in this place.
 B = Non-inter-level travel time spent in this place.
 C = Inter-level travel time spent in this place.
 D = Time resting spent in this place.
 E = Time spent auto-exploring this place.
 F = Levels seen in this place.
 G = Mean time per level.
                   A        B        C        D        E       F      G
               +--------+--------+--------+--------+--------+-----+--------+
         Total |  29296 |  27137 |   2159 |   6170 |  16596 |  27 | 1085.0 |
       Dungeon |  17162 |  15752 |   1410 |   3762 |   9725 |  15 | 1144.1 |
          Lair |   6002 |   5487 |    515 |    640 |   4094 |   5 | 1200.4 |
         Swamp |   1521 |   1413 |    108 |    590 |    499 |   2 |  760.5 |
   Spider Nest |   1359 |   1316 |     43 |    593 |    531 |   1 | 1359.0 |
  Orcish Mines |   2377 |   2296 |     81 |    381 |   1385 |   2 | 1188.5 |
       Volcano |    342 |    342 |      0 |     53 |    181 |   1 |  342.0 |
      Gauntlet |    529 |    529 |      0 |    148 |    180 |   1 |  529.0 |
               +--------+--------+--------+--------+--------+-----+--------+

Top non-repeatable levels by time:
   Orc:2: 1896 daAuts
  Lair:5: 1753 daAuts
    D:12: 1529 daAuts
     D:8: 1512 daAuts
    D:14: 1449 daAuts
 Swamp:1: 1403 daAuts
     D:6: 1401 daAuts
    D:10: 1361 daAuts
Spider:1: 1359 daAuts
     D:7: 1344 daAuts
    D:13: 1343 daAuts
     D:9: 1281 daAuts
    D:15: 1280 daAuts
     D:4: 1183 daAuts
  Lair:2: 1182 daAuts

Table legend:
 A = Kills in this place as a percentage of kills in the entire game.
 B = Kills by you in this place as a percentage of kills by you in the entire game.
 C = Kills by friends in this place as a percentage of kills by friends in the entire game.
 D = Other kills in this place as a percentage of other kills in the entire game.
 E = Experience gained in this place as a percentage of experience gained in the entire game.
 F = Experience gained in this place divided by the number of levels of this place that you have seen.
                   A       B       C       D       E      F
               +-------+-------+-------+-------+-------+----------------------
         Total | 100.0 | 100.0 | 100.0 | 100.0 | 100.0 | 7543.5
       Dungeon |  46.1 |  46.3 |   0.0 |  50.0 |  40.2 | 5455.1
          Lair |  18.9 |  19.0 |   0.0 |   0.0 |  22.7 | 9263.8
         Swamp |   5.3 |   5.2 |   0.0 |  50.0 |  12.6 | 12791.5
   Spider Nest |   4.1 |   4.1 |   0.0 |   0.0 |   6.2 | 12716.0
  Orcish Mines |  23.1 |  22.9 | 100.0 |   0.0 |  13.2 | 13485.5
       Volcano |   0.5 |   0.5 |   0.0 |   0.0 |   0.7 | 1516.0
      Gauntlet |   1.9 |   1.9 |   0.0 |   0.0 |   4.3 | 8742.0
               +-------+-------+-------+-------+-------+----------------------

Action                     |  1- 3 |  4- 6 |  7- 9 | 10-12 | 13-15 | 16-18 || total
---------------------------+-------+-------+-------+-------+-------+-------++-------
  Melee: Hand axe          |    84 |   100 |   212 |   551 |       |       ||   947
         Headbutt          |     7 |    18 |    39 |   128 |   244 |    89 ||   525
         Punch             |     1 |     1 |     3 |     7 |    13 |     6 ||    31
         Broad axe         |       |       |       |    99 |   958 |   433 ||  1490
   Fire: Arbalest          |       |       |       |       |    46 |       ||    46
         Shortbow          |       |       |       |       |       |   134 ||   134
 Invoke: Berserk           |     1 |     3 |     2 |     9 |    12 |     3 ||    30
         Trog's Hand       |       |       |       |     1 |    10 |     2 ||    13
         Brothers in Arms  |       |       |       |       |     3 |     1 ||     4
    Use: Scroll            |     6 |     8 |     8 |     9 |    12 |     2 ||    45
         Potion            |       |       |     1 |       |     4 |     2 ||     7
   Stab: Petrifying        |       |       |       |       |     2 |       ||     2
         Petrified         |       |       |       |       |     2 |       ||     2
 Armour: Storm dragon scal |    68 |    48 |       |       |       |       ||   116
         Crystal plate arm |       |    51 |   171 |   577 |   993 |   591 ||  2383
  Dodge: Dodged            |    38 |    23 |    50 |   144 |   326 |   223 ||   804
  Block: Buckler           |       |     2 |       |       |       |       ||     2

Vanquished Creatures
  Frances (Swamp:1)
  A thorn hunter (Swamp:1)
  Donald (Swamp:1)
  An orc warlord (Orc:2)
  The ghost of Puvueto the Severer, a journeyman NaDe of Okawaru (Lair:5)
  An ironbound preserver (D:14)
  The ghost of Iveish the Severer, a journeyman HuFi of Hepliaklqana (Lair:5)
  An eleionoma (Lair:2)
  2 bunyips
  A minotaur (Gauntlet)
  A dire elephant (Gauntlet)
  An ettin (D:15)
  Snorg (D:13)
  An entropy weaver (Spider:1)
  A fire dragon (Lair:5)
  A yaktaur captain (D:12)
  An ice dragon (Lair:5)
  Erolcha (D:9)
  4 hydras
  A great orb of eyes (D:14)
  Erica (D:9)
  3 catoblepae
  8 alligators
  4 centaur warriors
  4 boulder beetles
  11 two-headed ogres
  3 death yaks (Gauntlet)
  2 tengu warriors
  4 orc high priests (Orc:2)
  An occultist (D:15)
  3 demonic crawlers (Spider:1)
  Sonja (Orc:2)
  Nergalle (D:11)
  A skyshark (Lair:4)
  5 spriggans
  A fire crab (Gauntlet)
  A goliath frog (Swamp:2)
  4 skeletal warriors (D:15)
  2 pharaoh ants (Spider:1)
  2 spriggan druids
  Lodul (D:13)
  3 swamp dragons
  A deep elf archer (D:12)
  2 bog bodies (Swamp:1)
  2 steelbarb worms (Spider:1)
  2 lindwurms (Lair:5)
  An obsidian statue (Gauntlet)
  An oklob plant (Lair:5)
  8 orc sorcerers
  3 orc knights (Orc:2)
  4 deep elf pyromancers
  A necromancer (Gauntlet)
  3 wolf spiders (Spider:1)
  26 ugly things
  4 manticores
  A will-o-the-wisp (Swamp:1)
  10 cyclopes
  A salamander (shapeshifter) (D:15)
  16 elephants
  A molten gargoyle (Volcano)
  A moth of wrath (Spider:1)
  11 slime creatures
  3 black mambas
  6 gargoyles
  2 unseen horrors
  5 torpor snails (Lair:5)
  17 cane toads
  A freezing wraith (D:12)
  5 komodo dragons
  2 efreet
  A kobold demonologist (D:12)
  A tengu conjurer (D:15)
  3 rime drakes
  The ghost of bmb222 the Poker, an amateur OgWn (D:4)
  A meliai (D:14)
  11 trolls
  Prince Ribbit (D:5)
  4 tarantellas (Spider:1)
  7 tyrant leeches
  14 hornets
  6 blink frogs
  2 jumping spiders (Spider:1)
  2 culicivoras (Spider:1)
  3 shadows
  5 wyverns
  A wraith (D:11)
  3 vampires
  5 basilisks
  45 yaks
  3 fire bats (Gauntlet)
  A fire elemental (Volcano)
  3 steam dragons
  13 redbacks (Spider:1)
  17 vampire mosquitoes
  3 wargs
  Edmund (D:5)
  5 acid dragons
  4 swamp worms
  15 water moccasins
  4 swamp drakes
  A sky beast (D:7)
  2 ice beasts
  A black bear (D:6)
  56 orc warriors
  23 ogres
  5 centaurs
  12 wolves
  2 kobold brigands
  2 phantoms (D:4)
  15 bullfrogs
  3 scorpions
  3 wights (D:9)
  4 killer bees
  10 electric eels
  5 howler monkeys
  A bullfrog zombie (D:4)
  3 jellies
  3 sleepcaps
  2 gnoll boudas
  32 orc priests
  5 hounds
  2 bullfrog skeletons (D:4)
  Ijyb (D:3)
  7 iguanas
  28 orc wizards
  8 gnolls
  8 adders
  A shadow imp (D:6)
  3 white imps
  An ufetubus (D:7)
  2 worms
  4 dart slugs
  94 orcs
  2 ball pythons
  7 bats
  2 endoplasms
  3 giant cockroaches
  7 goblins
  4 hobgoblins
  15 kobolds
  5 quokkas
  3 frilled lizards
  9 rats
  A spectral weapon (Swamp:1)
822 creatures vanquished.

Vanquished Creatures (collateral kills)
  2 orc warriors (Orc:2)
  An orc wizard (Orc:2)
3 creatures vanquished.

Vanquished Creatures (others)
  A swamp drake (Swamp:1)
  A jelly (D:8)
  A white imp (D:7)
  4 foxfires (Swamp:1)
7 creatures vanquished.

Grand Total: 832 creatures vanquished
